 Dungeon Crawl Stone Soup version 0.14.2 (webtiles) character file.

14115 theanonym the Carver (level 11, 0/79 (81) HPs)
             Began as a High Elf Death Knight on Dec 6, 2018.
             Was a High Priest of Yredelemnul.
             Slain by an orc warrior
             ... wielding a +0,+0 halberd
              (26 damage)
             ... on Level 4 of the Orcish Mines.
             The game lasted 00:43:19 (13600 turns).

theanonym the Carver (High Elf Death Knight)       Turns: 13600, Time: 00:43:19

HP   0/79 (81)   AC 19     Str 15      XL: 11   Next: 74%
MP  32/32        EV  2     Int 17      God: Yredelemnul [*****.]
Gold 781         SH 23     Dex 14      Spells:  0 memorised, 10 levels left

rFire  . . .     SeeInvis .     a - +3,+1 scimitar (protect)
rCold  . . .     Clarity  .     P - +0 plate armour
rNeg   . . .     Conserve .     n - +2 shield
rPois  .         rCorr    +     (no helmet)
rElec  .         rRot     .     m - +1 cloak
SustAb . .       Spirit   .     k - +0 pair of gloves (curse)
rMut   .         Warding  .     (no boots)
Saprov . . .     Stasis   .     h - amulet of resist corrosion
MR     +....                    s - ring of regeneration
                                K - ring of magical power

@: somewhat resistant to hostile enchantments, extremely unstealthy
A: no striking features
a: Animate Dead, Recall Undead Slaves, Injury Mirror, Drain Life, Enslave Soul,
Renounce Religion


   Skills:
 * Level 9.9 Fighting
 - Level 13.8 Long Blades
 + Level 3.6 Armour
 - Level 3.5 Dodging
 + Level 7.7 Shields
 + Level 5.0 Invocations
 - Level 4.3 Evocations


You had 10 spell levels left.
You didn't know any spells.

Action                   |  1- 3 |  4- 6 |  7- 9 | 10-12 || total
-------------------------+-------+-------+-------+-------++-------
Melee: Falchion          |   130 |   316 |   298 |       ||   744
       Scimitar          |       |       |   335 |   701 ||  1036
Invok: Animate Remains   |    15 |    12 |       |       ||    27
       Animate Dead      |       |     7 |    29 |    51 ||    87
       Recall Undead Sla |       |       |     1 |       ||     1
       Drain Life        |       |       |       |     2 ||     2
Evoke: Wand              |       |     1 |    30 |     4 ||    35
  Use: Scroll            |       |     9 |    14 |     3 ||    26
       Potion            |       |     4 |     4 |       ||     8
 Stab: Distracted        |       |     6 |     5 |    11 ||    22
       Confused          |       |       |     1 |       ||     1
       Paralysed         |       |       |       |     7 ||     7

Inventory:

Hand weapons
 a - a +3,+1 scimitar of protection (weapon)
   (You bought it in a shop on level 6 of the Dungeon)
 H - a +0,+0 scimitar
   (You took it off an orc warrior on level 9 of the Dungeon)
Missiles
 J - 3 throwing nets (quivered)
Armour
 k - a cursed +0 pair of gloves (worn)
   (You found it on level 6 of the Dungeon)
 m - a +1 cloak (worn)
   (You found it on level 6 of the Dungeon)
 n - a +2 shield (worn)
   (You found it on level 2 of the Dungeon)
 P - a +0 plate armour (worn)
   (You took it off an orc warrior on level 2 of the Orcish Mines)
Magical devices
 d - a wand of flame (0)
   (You found it on level 6 of the Dungeon)
 g - a wand of enslavement (22) {unknown}
   (You took it off Nergalle on level 3 of the Orcish Mines)
 p - a wand of confusion (5)
   (You found it on level 4 of the Dungeon)
 w - a wand of lightning (3)
   (You found it on level 6 of the Dungeon)
 x - a wand of cold (1)
   (You found it on level 7 of the Dungeon)
 B - a wand of random effects (13)
   (You found it on level 7 of the Dungeon)
 F - a wand of slowing (12)
   (You found it on level 8 of the Dungeon)
 G - a wand of digging (15)
   (You found it on level 9 of the Dungeon)
 I - a wand of digging (15)
   (You found it on level 9 of the Dungeon)
 L - a wand of disintegration (15)
   (You found it on level 9 of the Dungeon)
 M - a wand of paralysis (1)
   (You found it on level 9 of the Dungeon)
 R - a wand of confusion (9)
   (You found it on level 10 of the Dungeon)
Comestibles
 c - 5 bread rations
 l - 2 chunks of orc flesh
 v - 3 meat rations
Scrolls
 i - 3 scrolls of remove curse
 q - 2 scrolls of fog
 t - 2 scrolls of immolation
 u - a scroll of recharging
 D - a scroll of teleportation {!r}
 N - a scroll of magic mapping
Jewellery
 e - an uncursed amulet of resist mutation
   (You found it on level 6 of the Dungeon)
 h - an amulet of resist corrosion (around neck)
   (You found it on level 1 of the Dungeon)
 s - a ring of regeneration (right hand)
   (You found it on level 2 of the Dungeon)
 K - a ring of magical power (left hand)
   (You bought it in a shop on level 9 of the Dungeon)
 T - an uncursed amulet of inaccuracy {unknown}
   (You found it on level 10 of the Dungeon)
Potions
 b - a potion of invisibility
 f - 4 potions of curing
 j - 3 potions of restore abilities
 o - 2 potions of brilliance
 r - a potion of poison
 z - a potion of magic
 C - 2 potions of haste
 E - 2 potions of lignification
 O - 2 potions of agility
Rods
 y - a +2 rod of clouds (12/12)
   (You took it off a hobgoblin on level 7 of the Dungeon)


You were on level 4 of the Orcish Mines.
You worshipped Yredelemnul.
Yredelemnul was extremely pleased with you.
You were not hungry.

You visited 2 branches of the dungeon, and saw 15 of its levels.
You also visited: Sewer.

You collected 1306 gold pieces.
You spent 525 gold pieces at shops.

Dungeon Overview and Level Annotations

Branches:
Dungeon (11/15)            Temple (0/1) D:6             Orc (4/4) D:10
    Elf (0/3) Orc:3          Lair (0/8) D:10

Altars:
Ashenzari
Cheibriados
Elyvilon
Makhleb
Vehumet
Xom
Yredelemnul
Zin
The Shining One
Beogh

Shops:
D:6 (   D:9 *   Orc:2 ! Orc:4

%
#...........))).............
##..........................
#........#######.###.###.##
##........# ...#.# #z# #.#
#......z..# ...#.###z###.#
#.........# ...#....).zz.#
##........# o..#.###)###.##
#.......zz###o###.# #(# #...
#.......zzz@o)W...# #(# #..8
##......zz###+##..###.###zz.
#.......z.# #.........)..
#.........# #..#######.##
#.........# # #.# .........#
#.## ......... ....
......... .... ..... ..###


You could see an orc knight, an orc warrior (frenzied), a friendly phantasmal
warrior and 8 friendly orc zombies.

Notes
Turn   | Place    | Note
--------------------------------------------------------------
     0 | D:1      | theanonym, the High Elf Death Knight, began the quest for the Orb.
     0 | D:1      | Reached XP level 1. HP: 14/14 MP: 3/3
   575 | D:1      | Reached XP level 2. HP: 16/19 MP: 4/4
   846 | D:1      | Reached skill level 2 in Dodging
  1446 | D:2      | Acquired Yredelemnul's second power
  1446 | D:2      | Reached skill level 3 in Long Blades
  1829 | D:2      | Reached XP level 3. HP: 20/25 MP: 7/7
  2444 | D:3      | HP: 12/25 [jackal (2)]
  2520 | D:3      | Reached XP level 4. HP: 18/30 MP: 2/9
  2643 | D:3      | HP: 9/30 [gnoll/flail (7)]
  2659 | D:3      | HP: 3/30 [gnoll/flail (8)]
  2668 | D:3      | HP: 14/30 [gnoll/flail (7)]
  2950 | D:3      | Reached skill level 3 in Dodging
  2972 | D:3      | Reached skill level 4 in Long Blades
  2997 | D:3      | Reached skill level 3 in Fighting
  3288 | D:3      | HP: 14/31 [adder (3)]
  3290 | D:3      | Reached XP level 5. HP: 15/36 MP: 11/11
  3293 | D:3      | HP: 13/36 [poisoned by an adder]
  3298 | D:3      | HP: 13/36 [poisoned by an adder]
  3304 | D:3      | HP: 13/36 [poisoned by an adder]
  3312 | D:3      | HP: 15/36 [poisoned by an adder]
  3320 | D:3      | HP: 17/36 [poisoned by an adder]
  3679 | D:4      | HP: 15/36 [worker ant (5)]
  3685 | D:4      | HP: 16/36 [poisoned by a worker ant]
  3693 | D:4      | HP: 18/36 [poisoned by a worker ant]
  3852 | D:4      | Acquired Yredelemnul's third power
  3861 | D:4      | Noticed Edmund
  3875 | D:4      | HP: 15/36 [Edmund/wand of flame (7)]
  3880 | D:4      | HP: 11/36 [Edmund/glowing flail (3)]
  3913 | D:4      | Killed Edmund
  3913 | D:4      | Reached skill level 5 in Long Blades
  3913 | D:4      | Reached XP level 6. HP: 31/43 MP: 14/14
  4008 | D:4      | HP: 21/43 [iguana (5)]
  4022 | D:4      | HP: 18/43 [iguana (5)]
  4615 | D:4      | Reached skill level 4 in Fighting
  4615 | D:4      | Reached skill level 1 in Shields
  4648 | D:5      | Entered Level 5 of the Dungeon
  4751 | D:5      | Reached skill level 6 in Long Blades
  4766 | D:5      | Noticed Ijyb
  4795 | D:5      | Killed Ijyb
  4826 | D:5      | Reached XP level 7. HP: 43/48 MP: 16/16
  4909 | D:5      | Noticed Eustachio
  4923 | D:5      | HP: 22/49 [iron imp[Eustachio] (4)]
  4928 | D:5      | HP: 21/49 [shadow imp/nerve-wracking pain[Eustachio] (1)]
  4928 | D:5      | Killed Eustachio
  4928 | D:5      | Reached skill level 2 in Shields
  5033 | D:5      | Noticed Prince Ribbit
  5047 | D:5      | Noticed Duvessa
  5047 | D:5      | Noticed Dowan
  5052 | D:5      | HP: 22/49 [Prince Ribbit (13)]
  5059 | D:5      | HP: 13/49 [Dowan/puff of flame (8)]
  5063 | D:5      | HP: 4/49 [Dowan/puff of frost (11)]
  5074 | D:5      | Killed Dowan
  5110 | D:5      | Reached skill level 7 in Long Blades
  5155 | D:5      | HP: 24/49 [Prince Ribbit (7)]
  5166 | D:5      | HP: 10/49 [Prince Ribbit (14)]
  5192 | D:4      | HP: 20/49 [scorpion (2)]
  5363 | D:5      | Killed Duvessa
  5363 | D:5      | Received a gift from Yredelemnul
  5450 | D:5      | Your ally Ijyb died
  5498 | D:4      | HP: 22/49 [Prince Ribbit (11)]
  5501 | D:4      | Killed Prince Ribbit
  5653 | D:5      | Found a radiant altar of Vehumet.
  5837 | D:6      | Reached skill level 5 in Fighting
  5837 | D:6      | Reached XP level 8. HP: 53/55 MP: 18/18
  5859 | D:6      | Found a glowing drain.
  5875 | D:6      | Reached skill level 8 in Long Blades
  5924 | Sewer    | Entered a sewer
  5936 | Sewer    | Noticed theanonym's ghost (average HEDK)
  5942 | Sewer    | Reached skill level 3 in Shields
  5964 | Sewer    | HP: 27/55 [theanonym's ghost (8)]
  5970 | Sewer    | HP: 18/55 [theanonym's ghost (4)]
  5971 | Sewer    | Killed theanonym's ghost
  6094 | Sewer    | Received a gift from Yredelemnul
  6135 | Sewer    | Found a glowing silver altar of Zin.
  6257 | D:6      | Noticed Menkaure
  6278 | D:6      | HP: 24/56 [Menkaure (14)]
  6279 | D:6      | Killed Menkaure
  6279 | D:6      | Reached skill level 9 in Long Blades
  6284 | D:6      | HP: 19/57 [poisoned by a scorpion]
  6289 | D:6      | HP: 18/57 [poisoned by a scorpion]
  6294 | D:6      | HP: 19/57 [poisoned by a scorpion]
  6299 | D:6      | HP: 20/57 [poisoned by a scorpion]
  6307 | D:6      | HP: 23/57 [poisoned by a scorpion]
  6472 | D:6      | HP: 26/55 [goliath beetle (21)]
  6474 | D:6      | HP: 3/55 [goliath beetle (24)]
  6512 | D:6      | Reached skill level 6 in Fighting
  6655 | D:6      | Found Soirrieb's Antique Weapon Emporium.
  6664 | D:6      | Bought a glowing scimitar for 136 gold pieces
  6713 | D:6      | Found a staircase to the Ecumenical Temple.
  6745 | D:6      | Reached skill level 4 in Shields
  6769 | D:6      | Noticed Grinder
  6783 | D:6      | Paralysed by Grinder for 4 turns
  6789 | D:6      | Killed Grinder
  6789 | D:6      | Reached skill level 10 in Long Blades
  6789 | D:6      | Reached XP level 9. HP: 58/61 MP: 19/19
  7081 | D:7      | Found a burning altar of Makhleb.
  7082 | D:7      | Found a snail-covered altar of Cheibriados.
  7127 | D:7      | Reached skill level 1 in Evocations
  7456 | D:7      | Acquired Yredelemnul's fourth power
  7979 | D:8      | Found a white marble altar of Elyvilon.
  8062 | D:8      | Reached skill level 7 in Fighting
  8062 | D:8      | Reached skill level 2 in Evocations
  8145 | D:8      | Found a glowing silver altar of Zin.
  8146 | D:8      | Noticed an angel
  8146 | D:8      | Found a shimmering altar of Xom.
  8148 | D:8      | Reached skill level 11 in Long Blades
  8224 | D:8      | Received a gift from Yredelemnul
  8280 | D:8      | HP: 30/62 [poisoned by a water moccasin]
  8285 | D:8      | HP: 28/62 [poisoned by a water moccasin]
  8290 | D:8      | HP: 28/62 [poisoned by a water moccasin]
  8295 | D:8      | HP: 28/62 [poisoned by a water moccasin]
  8301 | D:8      | HP: 30/62 [poisoned by a water moccasin]
  8332 | D:8      | HP: 11/62 [two-headed ogre/giant club (23)]
  8505 | D:8      | Reached skill level 5 in Shields
  8697 | D:8      | Reached skill level 3 in Evocations
  8846 | D:9      | Found a glowing golden altar of the Shining One.
  9021 | D:9      | Received a gift from Yredelemnul
  9063 | D:9      | Found Qudegublo's Assorted Antiques.
  9066 | D:9      | Bought a gilded ring for 175 gold pieces
  9085 | D:9      | HP: 31/62 [spider (6)]
  9090 | D:9      | HP: 22/62 [poisoned by a spider]
  9096 | D:9      | HP: 21/62 [poisoned by a spider]
  9101 | D:9      | HP: 22/62 [poisoned by a spider]
  9108 | D:9      | HP: 24/62 [poisoned by a spider]
  9116 | D:9      | HP: 27/62 [poisoned by a spider]
  9223 | D:9      | Found a radiant altar of Vehumet.
  9382 | D:9      | Found a shattered altar of Ashenzari.
  9382 | D:9      | Found a basalt altar of Yredelemnul.
  9446 | D:9      | HP: 30/62 [hill giant skeleton (12)]
  9457 | D:9      | Reached XP level 10. HP: 40/69 MP: 21/21
  9761 | D:9      | Reached skill level 12 in Long Blades
  9791 | D:9      | Reached skill level 4 in Evocations
 10007 | D:10     | Entered Level 10 of the Dungeon
 10120 | D:10     | Noticed a hill giant
 10150 | D:9      | Killed a hill giant
 10150 | D:9      | Reached skill level 8 in Fighting
 10194 | D:10     | Reached skill level 6 in Shields
 10200 | D:10     | Found a staircase to the Orcish Mines.
 10285 | D:10     | Found a staircase to the Lair.
 10427 | D:10     | Reached skill level 13 in Long Blades
 10537 | D:10     | Noticed a hill giant
 10551 | D:10     | Killed a hill giant
 10638 | D:10     | Acquired Yredelemnul's fifth power
 10649 | D:10     | Received a gift from Yredelemnul
 10672 | D:10     | Reached XP level 11. HP: 76/76 MP: 22/22
 10679 | D:10     | Noticed a hill giant
 10687 | D:10     | Killed a hill giant
 11178 | Orc:1    | Entered Level 1 of the Orcish Mines
 11202 | Orc:1    | Received a gift from Yredelemnul
 11266 | Orc:1    | Reached skill level 9 in Fighting
 11594 | Orc:2    | Found Izagri's Distillery.
 11610 | Orc:2    | Reached skill level 1 in Armour
 11610 | Orc:2    | HP: 36/78 [orc warrior/hand axe (5)]
 11619 | Orc:2    | HP: 39/78 [orc warrior/hand axe (3)]
 11714 | Orc:2    | HP: 37/78 [orc warrior/glaive (9)]
 11836 | Orc:2    | Bought 2 potions of haste for 182 gold pieces
 11837 | Orc:2    | Bought a potion of agility for 32 gold pieces
 11932 | Orc:3    | Received a gift from Yredelemnul
 11989 | Orc:3    | Reached skill level 7 in Shields
 11990 | Orc:3    | Received a gift from Yredelemnul
 11998 | Orc:3    | Found a staircase to the Elven Halls.
 12088 | Orc:3    | HP: 28/78 [orc warrior/halberd (15)]
 12324 | Orc:3    | Reached skill level 2 in Armour
 12415 | Orc:3    | Noticed Nergalle
 12426 | Orc:3    | HP: 36/78 [Nergalle/bolt of negative energy (41)]
 12438 | Orc:3    | HP: 27/78 [Nergalle/bolt of negative energy (16)]
 12440 | Orc:3    | Killed Nergalle
 12596 | Orc:4    | Entered Level 4 of the Orcish Mines
 12607 | Orc:4    | Received a gift from Yredelemnul
 12662 | Orc:4    | Found a roughly hewn altar of Beogh.
 12684 | Orc:4    | HP: 37/78 [warg (11)]
 12686 | Orc:4    | HP: 16/78 [orc knight/dire flail (15)]
 12696 | Orc:4    | HP: 21/78 [warg (1)]
 12702 | Orc:4    | HP: 23/78 [warg (2)]
 12713 | Orc:3    | HP: 28/78 [warg (2)]
 12803 | Orc:3    | HP: 39/78 [orc warrior/flail (7)]
 12806 | Orc:3    | HP: 14/78 [orc warrior/flail (11)]
 12808 | Orc:3    | HP: 5/78 [orc warrior/flail (10)]
 12812 | Orc:3    | Reached skill level 4 in Invocations
 13093 | Orc:4    | Found Wixtaw's Food Shop.
 13114 | Orc:4    | Reached skill level 3 in Armour
 13150 | Orc:4    | HP: 34/79 [orc warrior/dire flail (8)]
 13190 | Orc:4    | HP: 39/79 [troll (8)]
 13298 | Orc:4    | Received a gift from Yredelemnul
 13311 | Orc:4    | HP: 31/79 [orc knight/uncursed great mace (20)]
 13330 | Orc:4    | HP: 26/79 [orc knight/uncursed great mace (16)]
 13451 | Orc:4    | Reached skill level 5 in Invocations
 13583 | Orc:4    | Received a gift from Yredelemnul
 13595 | Orc:4    | HP: 24/79 [orc warrior/halberd (18)]
 13600 | Orc:4    | Slain by an orc warrior

Vanquished Creatures
  A hill giant (D:10)
  An orc knight (Orc:4)
  A cyclops (Orc:3)
  A troll (Orc:4)
  Grinder (D:6)
  Prince Ribbit (D:4)
  A two-headed ogre (D:10)
  A steam dragon (D:9)
  A hungry ghost (D:8)
  9 yaks
  A human (D:8)
  A hippogriff (D:10)
  A hill giant skeleton (D:9)
  The ghost of theanonym the Slasher, an average HEDK of Yredelemnul (Sewer)
  6 wargs
  A necrophage (D:6)
  Edmund (D:4)
  Menkaure (D:6)
  A water moccasin (D:8)
  2 spiders (D:9)
  14 orc warriors
  A black bear (D:10)
  An ice beast (D:10)
  4 centaurs
  An ogre (Orc:4)
  A big kobold (Sewer)
  Duvessa (D:5)
  5 giant frogs
  A gnoll sergeant (D:6)
  3 scorpions
  A hippogriff skeleton (D:10)
  A crimson imp (D:6)
  A big fish (Sewer)
  2 goliath beetles
  A yellow wasp zombie (D:10)
  Dowan (D:5)
  A black bear zombie (D:8)
  2 jellies (D:8)
  A quasit (D:8)
  3 hounds
  11 orc priests
  A centaur skeleton (D:5)
  14 orc wizards
  4 iguanas
  5 worker ants
  Ijyb (D:5)
  A mummy (D:7)
  3 green rats (Sewer)
  8 gnolls
  A gnoll skeleton (D:6)
  10 adders
  A shadow imp (D:7)
  3 worms
  4 giant geckos
  70 orcs
  8 bats
  A bat skeleton (D:6)
  A bat zombie (D:6)
  16 goblins
  14 hobgoblins
  9 jackals
  10 kobolds
  An ooze (D:5)
  4 quokkas
  3 ball pythons
  4 giant cockroaches
  3 giant newts
  A giant spore (D:9)
  A jackal zombie (D:5)
  An orc skeleton (D:7)
  An orc zombie (D:6)
  11 rats
  3 ballistomycetes (D:9)
309 creatures vanquished.

Vanquished Creatures (collateral kills)
  Nergalle (Orc:3)
  2 hill giants
  An orc knight (Orc:3)
  A two-headed ogre (D:8)
  Eustachio (D:5)
  A deep elf mage (D:10)
  2 yaks (D:9)
  A hungry ghost (D:10)
  2 wargs (Orc:4)
  A necrophage (D:9)
  8 orc warriors
  2 ogres
  6 spiders (D:9)
  A centaur (D:10)
  4 giant frogs
  A scorpion (D:6)
  A troll skeleton (D:8)
  A crimson imp (D:9)
  An iguana (D:10)
  3 hounds
  A jelly (D:10)
  5 orc priests
  A giant frog skeleton (D:5)
  12 orc wizards
  2 worker ants
  2 spectral orcs (Orc:3)
  An adder (D:2)
  5 gnolls
  A worm (D:5)
  An iguana skeleton (D:5)
  2 giant geckos
  66 orcs
  A bat (D:8)
  6 goblins
  A hobgoblin (D:1)
  A giant cockroach (D:5)
  A hobgoblin skeleton (D:5)
  7 kobolds
  2 orc zombies
  A rat (D:1)
  A ballistomycete (D:9)
161 creatures vanquished.

Vanquished Creatures (others)
  2 flying skulls
  2 wraiths (Orc:4)
  A spider zombie (D:9)
  4 warg zombies (Orc:4)
  A troll zombie (Orc:4)
  A wight (Orc:3)
  A necrophage skeleton (D:6)
  2 hound zombies
  A mummy (D:9)
  A worm zombie (D:5)
  47 orc zombies
  An adder zombie (D:6)
  A gnoll zombie (D:6)
  4 jackals (D:9)
  A giant cockroach zombie (D:6)
  A giant spore (D:9)
  5 goblin zombies
  2 hobgoblin zombies
  7 jackal zombies
  2 kobold zombies (D:5)
  A quokka zombie (D:4)
  A rat zombie (D:3)
89 creatures vanquished.

Grand Total: 559 creatures vanquished

Table legend:
 A = Turns spent in this place as a percentage of turns spent in the entire game.
 B = Non-inter-level travel turns spent in this place as a percentage of non-inter-level travel turns spent in the entire game.
 C = Inter-level travel turns spent in this place as a percentage of turns spent in this place.
 D = Turns resting spent in this place as a percentage of non-inter-level travel turns spent in this place.
 E = Turns spent auto-exploring this place as a percentage of non-inter-level travel turns spent in this place.
 F = Non-inter-level travel turns spent in this place divided by the number of levels of this place that you've seen.
                   A       B       C       D       E      F
               +-------+-------+-------+-------+-------+----------------------
         Total | 100.0 | 100.0 |   0.5 |   3.4 |  10.3 | 329.6
       Dungeon |  75.3 |  75.3 |   0.5 |   3.6 |  10.2 | 361.1
  Orcish Mines |  22.5 |  22.5 |   0.5 |   2.8 |  10.4 | 296.2
         Sewer |   2.2 |   2.2 |   0.0 |   3.4 |  10.3 | 117.0
               +-------+-------+-------+-------+-------+----------------------
